 Dungeon Crawl Stone Soup version 0.29-a0-322-g68df515428 (webtiles) character file.

Game seed: 6133293150489602294

4792 spaghetti the Thrower (level 10, -6/76 HPs)
             Began as a Gnoll Wanderer on Apr 6, 2022.
             Was an Initiate of Ignis.
             Mangled by an orc warrior
             ... wielding a +0 glaive
              (18 damage)
             ... on level 9 of the Dungeon.
             The game lasted 00:12:52 (8521 turns).

spaghetti the Thrower (Gnoll Wanderer)              Turns: 8521, Time: 00:12:54

Health: -6/76      AC:  6    Str: 14    XL:     10   Next: 48%
Magic:  17/17      EV: 15    Int: 16    God:    Ignis [......]
Gold:   271        SH:  9    Dex: 21    Spells: 19/19 levels left

rFire   + + .      SeeInvis .   E - +5 rapier (speed) {short}
rCold   . . .      Faith    .   (no shield)
rNeg    . . .      Spirit   .   f - +0 robe
rPois   .          Reflect  +   j - +0 helmet
rElec   .          Harm     .   n - +0 cloak
rCorr   .          Rampage  .   (no gloves)
Will    +....                   t - +0 pair of boots
Stlth   +++.......              z - amulet of reflection
HPRegen 0.22/turn               p - +6 ring of strength
MPRegen 0.15/turn               F - +6 ring of intelligence

@: no status effects
A: fangs 1, strong nose, distributed training, large bone plates 1, fire
resistance 1, strong-willed 1
a: Renounce Religion, Rising Flame


You were on level 9 of the Dungeon.
You worshipped Ignis.
Ignis was noncommittal.
You visited 1 branch of the dungeon, and saw 9 of its levels.

You collected 316 gold pieces.
You spent 45 gold pieces at shops.


Innate Abilities, Weirdness & Mutations

You have very sharp teeth.
Your uncanny sense of smell can sniff out nearby items.
Your experience applies equally to all skills.
You are partially covered in large bone plates. (SH +4)
Your flesh is heat resistant. (rF+)
You are strong-willed. (Will+)


   Skills:
 + Level 6.0 Fighting
 + Level 5.3 Short Blades
 + Level 7.1 Long Blades
 + Level 5.3 Axes
 + Level 5.3 Maces & Flails
 + Level 5.3 Polearms
 + Level 5.3 Staves
 + Level 5.3 Slings
 + Level 5.3 Bows
 + Level 5.3 Crossbows
 + Level 10.1 Throwing
 + Level 6.0 Armour
 + Level 5.3 Dodging
 + Level 5.3 Stealth
 + Level 5.3 Shields
 + Level 5.3 Unarmed Combat
 + Level 5.3 Spellcasting
 + Level 4.4 Conjurations
 + Level 4.4 Hexes
 + Level 4.4 Summonings
 + Level 4.4 Necromancy
 + Level 4.4 Translocations
 + Level 4.4 Transmutations
 + Level 4.4 Fire Magic
 + Level 4.4 Ice Magic
 + Level 4.4 Air Magic
 + Level 4.4 Earth Magic
 + Level 4.4 Poison Magic
 + Level 5.8 Invocations
 + Level 7.1 Evocations


You had 19 spell levels left.
You didn't know any spells.
Your spell library contained the following spells:

 Spells                   Type           Power      Damage    Failure   Level
 Sandblast                Erth           36%        2d10      2%          1
 Slow                     Hex            72%        N/A       2%          1
 Sting                    Tmut/Pois      72%        1d6       2%          1
 Corpse Rot               Necr/Air       36%        N/A       3%          2
 Passwall                 Tmut/Erth      15%        N/A       3%          2
 Poisonous Vapours        Pois/Air       36%        N/A       3%          2
 Confusing Touch          Hex            18%        N/A       8%          3
 Inner Flame              Hex/Fire       18%        N/A       8%          3
 Stone Arrow              Conj/Erth      36%        3d9       8%          3
 Vampiric Draining        Necr           18%        2d7       8%          3
 Cause Fear               Hex            9%         N/A       24%         4
 Olgreb's Toxic Radiance  Pois           18%        N/A       24%         4
 Discord                  Hex            9%         N/A       100%        8

Inventory:

Hand Weapons
 a - a +2 dagger {short}
 c - a +0 falchion {long}
 r - a +1 rapier of holy wrath {short}
   (You found it on level 2 of the Dungeon)
 w - the +5 rapier of Termination {vorpal, Will+ Str+3 Dex+3, short}
   (You found it on level 3 of the Dungeon)

   It inflicts extra damage upon your enemies.
   Str:       It affects your strength (+3).
   Dex:       It affects your dexterity (+3).
   Will:      It increases your willpower.
 E - a +5 rapier of speed (weapon) {short}
   (You took it off Eustachio on level 5 of the Dungeon)
 O - a -3 eveningstar of freezing {macerare=g}
   (You found it on level 7 of the Dungeon)
Missiles
 b - 12 curare-tipped darts {=fthrowing}
 g - 295 stones (quivered) {throwing}
 L - 8 poisoned darts {throwing}
Armour
 f - a +0 robe (worn)
 j - a +0 helmet (worn)
   (You found it on level 1 of the Dungeon)
 n - a +0 cloak (worn)
   (You took it off Crazy Yiuf on level 3 of the Dungeon)
 t - a +0 pair of boots (worn)
   (You bought it in a shop on level 2 of the Dungeon)
 Q - the +1 chain mail of the Bespelling Gods {-Cast Str+7}
   (You found it on level 9 of the Dungeon)

   Str:       It affects your strength (+7).
   -Cast:     It prevents spellcasting.
Magical Staves
 N - a staff of earth {!astaff}
   (You found it on level 7 of the Dungeon)
Jewellery
 p - a +6 ring of strength (left hand)
   (You found it on level 1 of the Dungeon)
 z - an amulet of reflection (around neck)
   (You found it on level 3 of the Dungeon)
 F - a +6 ring of intelligence (right hand)
   (You found it on level 5 of the Dungeon)
 K - a ring of willpower
   (You found it on level 6 of the Dungeon)
Wands
 d - a wand of flame (28)
 H - a wand of paralysis (5)
   (You took it off Ijyb on level 5 of the Dungeon)
Scrolls
 e - 2 scrolls of vulnerability {!r!r}
 h - 2 scrolls of teleportation {unknown}
 k - 3 scrolls of fear {unknown}
 m - a scroll of enchant armour {unknown}
 q - 4 scrolls of holy word {unknown}
 s - 2 scrolls of blinking {unknown}
 v - 3 scrolls of enchant weapon {unknown}
 y - a scroll of torment {unknown}
 A - 2 scrolls of magic mapping {unknown}
 B - a scroll of noise {unknown}
 D - a scroll of amnesia {unknown}
 G - a scroll of fog {unknown}
 P - a scroll of identify {@r1}
Potions
 i - 5 potions of curing {@q1}
 l - 2 potions of haste {@q3}
 o - a potion of might
 u - 2 potions of attraction {!q}
 x - a potion of flight
 C - a potion of brilliance
 I - a potion of mutation {!q}
 J - a potion of magic
 M - a potion of lignification {unknown}

Dungeon Overview and Level Annotations

Branches:
Dungeon (9/15)             Temple (0/1) D:4
   Lair: D:8-11         Orc: D:9-12

Altars:
Wu Jian
Ignis

Shops:
D:2 [(

Annotations:
D:1 1 runed translucent door
D:3 2 transporters, Laraso's ghost, amateur DrTm
D:7 2 transporters, Rappanathuk's ghost, novice MiFi

#.# $...$..# #.#
......# #.#
....(# #.# ...(#
#.# ∆∆ ∆.((# #.#
o(# #.# ##o# #.#
###o@#########.#
#..............#
#.##############
#


You could see 2 orc warriors and an orc.


Message History

Key pressed, stopping explore.
An orc warrior and 2 orcs come into view.
The orc warrior shouts!
The orc moves out of view.
There are monsters nearby!
You throw a stone {throwing}. The orc shouts!
The stone {throwing} hits the orc warrior.
An orc warrior comes into view. It is wielding a +0 scimitar.
You throw a stone {throwing}. The orc warrior shouts!
The stone {throwing} hits the orc warrior but does no damage.
You hear a shout! x2
You throw a stone {throwing}.
The stone {throwing} hits the orc warrior.
You throw a stone {throwing}.
The stone {throwing} hits the orc warrior.
You throw a stone {throwing}.
The stone {throwing} barely misses the orc warrior.
The stone {throwing} hits the orc.
You throw a stone {throwing}.
The stone {throwing} hits the orc warrior.
You throw a stone {throwing}.
The stone {throwing} closely misses the orc warrior.
The stone {throwing} hits the orc.
You kill the orc!
The orc warrior barely misses you.
You throw a stone {throwing}.
The stone {throwing} hits the orc warrior but does no damage.
You throw a stone {throwing}.
The stone {throwing} hits the orc warrior.
An orc warrior comes into view. It is wielding a +0 glaive.
The orc warrior hits you from afar with a +0 halberd!
You throw a stone {throwing}. The orc warrior shouts!
The stone {throwing} hits the orc warrior but does no damage.
An orc comes into view. It is wielding a +0 hand axe.
The orc warrior hits you from afar with a +0 halberd!
You are too injured to fight recklessly!
You are too injured to fight recklessly! 😮 HP[-22]
You take 22 damage, and now have 54/76 hp.
MASSIVE DAMAGE!! (PAUSE)
The orc warrior completely misses you.
You hit the orc warrior but do no damage.
You bite the orc warrior, but do no damage.
The orc warrior misses you.
You puncture the orc warrior! You hit the orc warrior.
Your punch misses the orc warrior.
You hit the orc warrior but do no damage.
The orc warrior hits you with a +0 halberd.
The orc warrior barely misses you. 😮 HP[-5]
You take 5 damage, and now have 49/76 hp.
You hit the orc warrior but do no damage.
Your punch misses the orc warrior.
You bite the orc warrior, but do no damage. 😮 HP[+1]
You closely miss the orc warrior.
You bite the orc warrior, but do no damage.
The orc warrior hits you with a +0 scimitar!
* * * LOW HITPOINT WARNING * * *
You block the orc warrior's attack. The orc warrior misses you. 😨 HP[-12]
You take 12 damage, and now have 38/76 hp.
You hit the orc warrior. You hit the orc warrior.
You kill the orc warrior!
The orc warrior hits you with a +0 scimitar!
* * * LOW HITPOINT WARNING * * *
You block the orc warrior's attack.
Your Fighting skill increases to level 6!
Your Armour skill increases to level 6! 😨 HP[-14]
You take 14 damage, and now have 24/76 hp.
You hit the orc warrior but do no damage.
You punch the orc warrior. The orc warrior closely misses you.
You barely miss the orc. You bite the orc.
You hit the orc warrior but do no damage.
The orc warrior misses you. The orc closely misses you.
The orc warrior misses you.
You closely miss the orc warrior.
You punch the orc warrior, but do no damage. 😨 HP[+1]
You hit the orc warrior but do no damage.
You bite the orc warrior, but do no damage.
The orc hits you but does no damage. You block the orc warrior's attack.
The orc warrior closely misses you.
You puncture the orc warrior!
You punch the orc warrior, but do no damage.
You block the orc's attack. The orc warrior closely misses you.
The orc warrior misses you.
You hit the orc warrior.
You bite the orc warrior, but do no damage.
You puncture the orc warrior!
The orc warrior hits you with a +0 scimitar!
* * * LOW HITPOINT WARNING * * *
You block the orc's attack.
The orc warrior hits you from afar with a +0 glaive!!
You die...

Skill      XL: |  1  2  3  4  5  6  7  8  9 10 |
---------------+-------------------------------+-----
Invocations    | 1 3 4 5 |  5.8
Short Blades   | 1 2 3 4 5 |  5.3
Axes           | 1 2 3 4 5 |  5.3
Maces & Flails | 1 2 3 4 5 |  5.3
Polearms       | 1 2 3 4 5 |  5.3
Staves         | 1 2 3 4 5 |  5.3
Slings         | 1 2 3 4 5 |  5.3
Bows           | 1 2 3 4 5 |  5.3
Crossbows      | 1 2 3 4 5 |  5.3
Dodging        | 1 2 3 4 5 |  5.3
Stealth        | 1 2 3 4 5 |  5.3
Shields        | 1 2 3 4 5 |  5.3
Unarmed Combat | 1 2 3 4 5 |  5.3
Spellcasting   | 1 2 3 4 5 |  5.3
Conjurations   | 1 2 3 4 |  4.4
Hexes          | 1 2 3 4 |  4.4
Summonings     | 1 2 3 4 |  4.4
Necromancy     | 1 2 3 4 |  4.4
Translocations | 1 2 3 4 |  4.4
Transmutations | 1 2 3 4 |  4.4
Fire Magic     | 1 2 3 4 |  4.4
Ice Magic      | 1 2 3 4 |  4.4
Air Magic      | 1 2 3 4 |  4.4
Earth Magic    | 1 2 3 4 |  4.4
Poison Magic   | 1 2 3 4 |  4.4
Fighting       | 3 4 5 6 |  6.0
Armour         | 3 4 5 6 |  6.0
Long Blades    | 5 6 7 |  7.1
Throwing       | 9 10 | 10.1
Evocations     | 5 6 7 |  7.1

Action                   |  1- 3 |  4- 6 |  7- 9 | 10-12 || total
-------------------------+-------+-------+-------+-------++-------
Melee: Dagger            |     4 |       |       |       ||     4
       Rapier            |    15 |    50 |   173 |    85 ||   323
       Bite              |     1 |     5 |    19 |    17 ||    42
       Punch             |     1 |       |     7 |     7 ||    15
Throw: Stone             |   105 |    86 |   239 |    77 ||   507
       Dart              |       |       |       |     5 ||     5
Invok: Foxfire Swarm     |       |       |     4 |     5 ||     9
  Use: Potion            |       |     2 |     1 |       ||     3
       Scroll            |       |       |     5 |     1 ||     6
 Stab: Sleeping          |     1 |       |       |       ||     1
Armor: Robe              |     5 |     6 |    30 |    12 ||    53
Dodge: Dodged            |    19 |    12 |   100 |    40 ||   171
Block: Other             |       |     2 |    31 |    30 ||    63
       Reflection        |       |       |     7 |     5 ||    12

Levels and vault maps discovered:
D:1:      dpeg_arrival_caged_fury, layout_rooms,
          hellmonk_ecumenical_altar_inner_sanctum
D:2:      layout_basic, serial_shops, shop, shop, grunt_decor_mini_mirrors,
          minmay_misc_feat_nine_boxes
D:3:      layout_rooms, serial_glass, glass_columns_c, glass_columns_a,
          gammafunk_ghost_stat_death, uniq_crazy_yiuf_cottage
D:4:      layout_basic, temple_green, uniq_pikel
D:5:      layout_basic, uniq_ijyb, uniq_eustachio
D:6:      layout_layer_cave
D:7:      old_forge, layout_gridville, pdpol_wu_jian_five_deadly_venoms,
          gammafunk_ghost_arena, uniq_joseph, uniq_duvessa
D:8:      minmay_ornate_pinched, layout_loops_cross, enter_bailey_3,
          nrook_campfire, uniq_grum
D:9:      kennysheep_ambush_hall, layout_loops_ring, dpeg_oklobed_lair,
          orc_david_3

Notes
Turn   | Place    | Note
-------+----------+-------------------------------------------
     0 | D:1      | spaghetti the Gnoll Wanderer began the quest for the Orb.
     0 | D:1      | spaghetti set off with the following items: a +2 dagger
                  | {short}, 2 curare-tipped darts {=fthrowing}, a +0 falchion
                  | {long}, a wand of flame (5), a scroll of vulnerability
                  | {!r!r}, a +0 robe
     0 | D:1      | Reached XP level 1. HP: 17/17 MP: 1/1
     0 | D:1      | magus.rc [v1.9.6]
     1 | D:1      | Found a runed translucent door.
    89 | D:1      | Reached XP level 2. HP: 23/23 MP: 2/2
   494 | D:1      | Found a faded altar of an unknown god.
   497 | D:1      | Prayed at the altar of an unknown god.
   497 | D:1      | Became a worshipper of Ignis, the Dying Flame
   551 | D:1      | You pick up a book of Geomancy and begin reading...
   551 | D:1      | You add the spells Sandblast, Passwall and Stone Arrow to
                  | your library.
   596 | D:2      | You pick up a book of Hexes and begin reading...
   596 | D:2      | You add the spells Inner Flame, Cause Fear and Discord to
                  | your library.
   638 | D:2      | Reached XP level 3. HP: 28/28 MP: 3/3
   657 | D:2      | Found Vycruy's Antique Weapon Shop.
   875 | D:2      | Found Uddetiurr's Armour Shop.
   889 | D:2      | Reached skill level 1 in Invocations
   912 | D:2      | Bought a +0 pair of boots for 45 gold pieces
  1160 | D:2      | Reached skill level 1 in Short Blades
  1160 | D:2      | Reached skill level 1 in Axes
  1160 | D:2      | Reached skill level 1 in Maces & Flails
  1160 | D:2      | Reached skill level 1 in Polearms
  1160 | D:2      | Reached skill level 1 in Staves
  1160 | D:2      | Reached skill level 1 in Slings
  1160 | D:2      | Reached skill level 1 in Bows
  1160 | D:2      | Reached skill level 1 in Crossbows
  1160 | D:2      | Reached skill level 1 in Dodging
  1160 | D:2      | Reached skill level 1 in Stealth
  1160 | D:2      | Reached skill level 1 in Shields
  1160 | D:2      | Reached skill level 1 in Unarmed Combat
  1160 | D:2      | Reached skill level 1 in Spellcasting
  1386 | D:3      | Found a transporter.
  1387 | D:3      | Noticed Laraso's ghost (amateur DrTm)
  1395 | D:3      | You pick up a book of Vapours and begin reading...
  1395 | D:3      | You add the spells Poisonous Vapours and Corpse Rot to your
                  | library.
  1407 | D:3      | Found a transporter.
  1417 | D:3      | Reached XP level 4. HP: 34/34 MP: 5/5
  1460 | D:3      | Identified the +5 rapier of Termination {vorpal, Will+
                  | Str+3 Dex+3}
  1504 | D:3      | You pick up a book of Debilitation and begin reading...
  1504 | D:3      | You add the spells Slow, Vampiric Draining and Confusing
                  | Touch to your library.
  1524 | D:3      | Reached skill level 1 in Conjurations
  1524 | D:3      | Reached skill level 1 in Hexes
  1524 | D:3      | Reached skill level 1 in Summonings
  1524 | D:3      | Reached skill level 1 in Necromancy
  1524 | D:3      | Reached skill level 1 in Translocations
  1524 | D:3      | Reached skill level 1 in Transmutations
  1524 | D:3      | Reached skill level 1 in Fire Magic
  1524 | D:3      | Reached skill level 1 in Ice Magic
  1524 | D:3      | Reached skill level 1 in Air Magic
  1524 | D:3      | Reached skill level 1 in Earth Magic
  1524 | D:3      | Reached skill level 1 in Poison Magic
  1527 | D:3      | Reached XP level 5. HP: 23/40 MP: 5/7
  1812 | D:3      | You add the spells Sting and Olgreb's Toxic Radiance to
                  | your library.
  2029 | D:3      | Found a runed translucent door.
  2030 | D:3      | Noticed Crazy Yiuf
  2038 | D:3      | Killed Crazy Yiuf
  2038 | D:3      | HP: 9/40 [poisoned by Crazy Yiuf]
  2039 | D:3      | Reached skill level 3 in Fighting
  2039 | D:3      | Reached skill level 3 in Armour
  2383 | D:4      | Reached XP level 6. HP: 47/47 MP: 8/8
  2491 | D:4      | Reached skill level 2 in Invocations
  2800 | D:4      | Found a staircase to the Ecumenical Temple.
  2822 | D:4      | Noticed Pikel
  2844 | D:4      | Killed Pikel
  2845 | D:4      | Reached skill level 2 in Short Blades
  2845 | D:4      | Reached skill level 5 in Long Blades
  2845 | D:4      | Reached skill level 2 in Axes
  2845 | D:4      | Reached skill level 2 in Maces & Flails
  2845 | D:4      | Reached skill level 2 in Polearms
  2845 | D:4      | Reached skill level 2 in Staves
  2845 | D:4      | Reached skill level 2 in Slings
  2845 | D:4      | Reached skill level 2 in Bows
  2845 | D:4      | Reached skill level 2 in Crossbows
  2845 | D:4      | Reached skill level 9 in Throwing
  2845 | D:4      | Reached skill level 2 in Dodging
  2845 | D:4      | Reached skill level 2 in Stealth
  2845 | D:4      | Reached skill level 2 in Shields
  2845 | D:4      | Reached skill level 2 in Unarmed Combat
  2845 | D:4      | Reached skill level 2 in Spellcasting
  2845 | D:4      | Reached skill level 2 in Conjurations
  2845 | D:4      | Reached skill level 2 in Hexes
  2845 | D:4      | Reached skill level 2 in Summonings
  2845 | D:4      | Reached skill level 2 in Necromancy
  2845 | D:4      | Reached skill level 2 in Translocations
  2845 | D:4      | Reached skill level 2 in Transmutations
  2845 | D:4      | Reached skill level 2 in Fire Magic
  2845 | D:4      | Reached skill level 2 in Ice Magic
  2845 | D:4      | Reached skill level 2 in Air Magic
  2845 | D:4      | Reached skill level 2 in Earth Magic
  2845 | D:4      | Reached skill level 2 in Poison Magic
  2845 | D:4      | Reached skill level 3 in Invocations
  2845 | D:4      | Reached skill level 5 in Evocations
  2845 | D:4      | Reached XP level 7. HP: 23/53 MP: 8/11
  3110 | D:5      | Entered Level 5 of the Dungeon
  3172 | D:5      | Reached XP level 8. HP: 60/60 MP: 12/12
  3234 | D:5      | Reached skill level 4 in Fighting
  3234 | D:5      | Reached skill level 4 in Armour
  3236 | D:5      | HP: 15/60 [something (3)]
  3238 | D:5      | Reached skill level 3 in Short Blades
  3238 | D:5      | Reached skill level 3 in Axes
  3238 | D:5      | Reached skill level 3 in Maces & Flails
  3238 | D:5      | Reached skill level 3 in Polearms
  3238 | D:5      | Reached skill level 3 in Staves
  3238 | D:5      | Reached skill level 3 in Slings
  3238 | D:5      | Reached skill level 3 in Bows
  3238 | D:5      | Reached skill level 3 in Crossbows
  3238 | D:5      | Reached skill level 3 in Dodging
  3238 | D:5      | Reached skill level 3 in Stealth
  3238 | D:5      | Reached skill level 3 in Shields
  3238 | D:5      | Reached skill level 3 in Unarmed Combat
  3238 | D:5      | Reached skill level 3 in Spellcasting
  3753 | D:5      | Noticed Eustachio
  3786 | D:5      | Killed Eustachio
  4216 | D:5      | Noticed Ijyb
  4234 | D:5      | Killed Ijyb
  4438 | D:6      | Reached skill level 3 in Conjurations
  4438 | D:6      | Reached skill level 3 in Hexes
  4438 | D:6      | Reached skill level 3 in Summonings
  4438 | D:6      | Reached skill level 3 in Necromancy
  4438 | D:6      | Reached skill level 3 in Translocations
  4438 | D:6      | Reached skill level 3 in Transmutations
  4438 | D:6      | Reached skill level 3 in Fire Magic
  4438 | D:6      | Reached skill level 3 in Ice Magic
  4438 | D:6      | Reached skill level 3 in Air Magic
  4438 | D:6      | Reached skill level 3 in Earth Magic
  4438 | D:6      | Reached skill level 3 in Poison Magic
  4438 | D:6      | Reached skill level 4 in Invocations
  4499 | D:6      | Reached skill level 6 in Long Blades
  4499 | D:6      | Reached skill level 6 in Evocations
  4529 | D:6      | Reached XP level 9. HP: 38/66 MP: 14/14
  4865 | D:6      | Reached skill level 4 in Short Blades
  4865 | D:6      | Reached skill level 4 in Axes
  4865 | D:6      | Reached skill level 4 in Maces & Flails
  4865 | D:6      | Reached skill level 4 in Polearms
  4865 | D:6      | Reached skill level 4 in Staves
  4865 | D:6      | Reached skill level 4 in Slings
  4865 | D:6      | Reached skill level 4 in Bows
  4865 | D:6      | Reached skill level 4 in Crossbows
  4865 | D:6      | Reached skill level 4 in Dodging
  4865 | D:6      | Reached skill level 4 in Stealth
  4865 | D:6      | Reached skill level 4 in Shields
  4865 | D:6      | Reached skill level 4 in Unarmed Combat
  4865 | D:6      | Reached skill level 4 in Spellcasting
  5262 | D:6      | Reached skill level 5 in Fighting
  5262 | D:6      | Reached skill level 5 in Armour
  6372 | D:7      | Reached skill level 5 in Invocations
  6765 | D:7      | Gained mutation: You are partially covered in large bone
                  | plates. (SH +4) [potion of mutation]
  6765 | D:7      | Gained mutation: You are strong-willed. (Will+) [potion of
                  | mutation]
  6765 | D:7      | Gained mutation: Your flesh is heat resistant. (rF+)
                  | [potion of mutation]
  6830 | D:7      | Reached skill level 4 in Conjurations
  6830 | D:7      | Reached skill level 4 in Hexes
  6830 | D:7      | Reached skill level 4 in Summonings
  6830 | D:7      | Reached skill level 4 in Necromancy
  6830 | D:7      | Reached skill level 4 in Translocations
  6830 | D:7      | Reached skill level 4 in Transmutations
  6830 | D:7      | Reached skill level 4 in Fire Magic
  6830 | D:7      | Reached skill level 4 in Ice Magic
  6830 | D:7      | Reached skill level 4 in Air Magic
  6830 | D:7      | Reached skill level 4 in Earth Magic
  6830 | D:7      | Reached skill level 4 in Poison Magic
  6830 | D:7      | Reached XP level 10. HP: 74/74 MP: 17/17
  7006 | D:7      | O - a -3 eveningstar of freezing {macerare=g}
  7098 | D:7      | Reached skill level 5 in Short Blades
  7098 | D:7      | Reached skill level 5 in Axes
  7098 | D:7      | Reached skill level 5 in Maces & Flails
  7098 | D:7      | Reached skill level 5 in Polearms
  7098 | D:7      | Reached skill level 5 in Staves
  7098 | D:7      | Reached skill level 5 in Slings
  7098 | D:7      | Reached skill level 5 in Bows
  7098 | D:7      | Reached skill level 5 in Crossbows
  7098 | D:7      | Reached skill level 5 in Dodging
  7098 | D:7      | Reached skill level 5 in Stealth
  7098 | D:7      | Reached skill level 5 in Shields
  7098 | D:7      | Reached skill level 5 in Unarmed Combat
  7098 | D:7      | Reached skill level 5 in Spellcasting
  7114 | D:7      | Noticed Dowan
  7120 | D:7      | Killed Dowan
  7253 | D:7      | Noticed Rappanathuk's ghost (novice MiFi)
  7254 | D:7      | Noticed Duvessa
  7264 | D:7      | Killed Duvessa
  7265 | D:7      | Reached skill level 10 in Throwing
  7310 | D:7      | Found a transporter.
  7341 | D:7      | Noticed Joseph
  7354 | D:7      | Killed Joseph
  7355 | D:7      | Reached skill level 7 in Long Blades
  7355 | D:7      | Reached skill level 7 in Evocations
  7657 | D:7      | Found a transporter.
  7781 | D:7      | Found an ornate altar of the Wu Jian Council.
  8015 | D:8      | Noticed a two-headed ogre
  8110 | D:8      | Noticed a cyclops
  8410 | D:9      | Identified the +1 chain mail of the Bespelling Gods {-Cast
                  | Str+7}
  8514 | D:9      | Reached skill level 6 in Fighting
  8514 | D:9      | Reached skill level 6 in Armour
  8521 | D:9      | HP: 12/76 [orc warrior/+0 scimitar (13)]
  8521 | D:9      | Mangled by an orc warrior

Vanquished Creatures
  Pikel (D:4)
  Joseph (D:7)
  A yak (D:8)
  Eustachio (D:5)
  A steam dragon (D:9)
  Duvessa (D:7)
  An orc warrior (D:9)
  A sky beast (D:5)
  2 ice beasts
  2 ogres (D:6)
  3 centaurs
  2 phantoms
  A kobold brigand (D:7)
  3 bullfrogs
  8 scorpions
  A necrophage (D:7)
  Dowan (D:7)
  7 wights
  10 killer bees (D:7)
  4 howler monkeys
  3 orc priests
  2 hounds
  2 jellies
  3 iguanas
  Crazy Yiuf (D:3)
  8 orc wizards
  Ijyb (D:5)
  6 gnolls (D:5)
  8 adders
  A shadow imp (D:6)
  An ufetubus (D:6)
  A worm (D:2)
  2 dart slugs (D:2)
  17 orcs
  6 ball pythons
  10 bats
  6 endoplasms
  2 giant cockroaches
  4 goblins
  A hobgoblin (D:1)
  7 quokkas
  2 frilled lizards
  9 kobolds
  4 rats
159 creatures vanquished.

Vanquished Creatures (others)
  118 foxfires
  9 fungi
  3 plants (D:7)
130 creatures vanquished.

Grand Total: 289 creatures vanquished

Table legend:
 A = Non-vault XP
 B = Vault XP
 C = Vault XP percentage of total XP
 D = Non-vault monster count
 E = Vault monster count
 F = Vault count percentage of total count
                 A         B        C        D         E       F
            +---------+---------+-------+---------+---------+-------
      Total |    4435 |    2411 |  35.2 |     139 |      20 |  12.6
            +---------+---------+-------+---------+---------+-------
        D:1 |      29 |       0 |   0.0 |      19 |       0 |   0.0
        D:2 |      47 |       0 |   0.0 |      17 |       0 |   0.0
        D:3 |     132 |      36 |  21.4 |      17 |       1 |   5.6
        D:4 |     122 |     685 |  84.9 |       9 |       1 |  10.0
        D:5 |     821 |     238 |  22.5 |      25 |       2 |   7.4
        D:6 |    1323 |       0 |   0.0 |      21 |       0 |   0.0
        D:7 |    1666 |    1104 |  39.9 |      29 |      13 |  31.0
        D:8 |     108 |     209 |  65.9 |       1 |       1 |  50.0
        D:9 |     187 |     139 |  42.6 |       1 |       2 |  66.7
            +---------+---------+-------+---------+---------+-------

Illustrated notes

Table legend:
 A = Kills in this place as a percentage of kills in entire the game.
 B = Kills by you in this place as a percentage of kills by you in the entire game.
 C = Kills by friends in this place as a percentage of kills by friends in the entire game.
 D = Other kills in this place as a percentage of other kills in the entire game.
 E = Experience gained in this place as a percentage of experience gained in the entire game.
 F = Experience gained in this place divided by the number of levels of this place that you have seen.
                   A       B       C       D       E      F
               +-------+-------+-------+-------+-------+----------------------
         Total | 100.0 | 100.0 |   N/A |   N/A | 100.0 | 760.7
       Dungeon | 100.0 | 100.0 |   N/A |   N/A | 100.0 | 760.7
               +-------+-------+-------+-------+-------+----------------------

Table legend: (Time is in decaauts)
 A = Elapsed time spent in this place.
 B = Non-inter-level travel time spent in this place.
 C = Inter-level travel time spent in this place.
 D = Time resting spent in this place.
 E = Time spent auto-exploring this place.
 F = Levels seen in this place.
 G = Mean time per level.
                   A        B        C        D        E       F      G
               +--------+--------+--------+--------+--------+-----+--------+
         Total |   8284 |   8114 |    170 |   1536 |   5484 |   9 |  920.4 |
       Dungeon |   8284 |   8114 |    170 |   1536 |   5484 |   9 |  920.4 |
               +--------+--------+--------+--------+--------+-----+--------+

Top non-repeatable levels by time:
     D:7: 2190 daAuts
     D:6: 1567 daAuts
     D:5: 1273 daAuts
     D:3: 877 daAuts
     D:4: 814 daAuts
     D:2: 788 daAuts
     D:1: 561 daAuts
     D:9: 176 daAuts
     D:8: 34 daAuts
